Map: The Vermillion Problem

Players

NamroodTuo

  • Race: Zerg Zerg

Geien

  • Race: Terran Terran
  • Spawn Location: 11:00

VOD

Have the link to the VOD?

Description

Time

  • Played on: Jan. 6, 2023, 4:04 p.m.
  • Length: 44:07
Show
View Real Time Build Order
Export as new Build Order

NamroodTuo Zerg 

Build Orders:  

Get SALT Encoding   

  12  0:03  Infested SCV  
  13  0:18  Overlord  
  13  0:24  Infested SCV  
  14  0:41  Infested SCV  
  14  0:43  Infested SCV  
  16  0:53  Infested Barracks  
  16  1:03  Infested SCV  
  16  1:05  Infested SCV  
  18  1:26  Infested SCV  
  19  1:38  Overlord  
  19  2:00  Infested SCV  
  19  2:05  Infestation Level 1  
  20  2:11  Infested SCV  
  21  2:21  Infested Engineering Bay  
  21  2:25  Infested Refinery  
  21  2:30  Infested Refinery  
  21  3:45  Infested SCV x3  
  21  3:46  Infested SCV x2  
  26  4:05  Regenerative Plating  
  26  4:19  Infested Bunker  
  30  4:22  Overlord x2  
  30  4:26  Infestation Level 2  
  30  4:57  Infested Bunker  
  34  5:37  Infested SCV x4  
  34  5:38  Infested SCV  
  39  5:49  Infested Barracks Tech Lab  
  39  5:53  Infested Barracks  
  39  5:54  Stukov Infantry Weapons Level 1  
  39  6:23  Retinal Augmentation  
  39  6:47  Infested Bunker  
  43  7:03  Infested Marine  
  43  7:04  Infested Marine  
  43  7:07  Overlord  
  43  7:08  Overlord  
  45  7:11  Overlord  
  45  7:23  Plagued Munitions  
  45  8:17  Anaerobic Enhancement  
  45  8:30  Infested Factory  
  45  8:33  Stukov Infantry Armor Level 1  
  43  9:06  Infested Marine x5  
  43  9:07  Infested Marine x8  
  56  9:17  Broodling Gestation  
  56  10:17  Infested Command Center  
  56  10:24  Infested Bunker  
  60  10:46  Infested Armory  
  47  11:13  Stukov Infantry Weapons Level 2, Infested Marine  
  47  11:14  Infested Marine x17  
  47  11:15  Infested Marine x6  
  71  12:02  Infested Bunker  
  71  12:07  Infested Bunker  
  69  12:21  Infested Marine  
  69  12:22  Infested Marine x16  
  86  12:46  Infested Barracks x2  
  71  13:37  Infested Bunker  
  75  13:45  Infested SCV x4  
  75  13:46  Infested SCV  
  84  13:50  Infested Bunker  
  68  14:23  Calcified Armor  
  68  14:24  Overlord x3  
  68  14:25  Overlord x3  
  68  14:32  Overlord  
  68  15:06  Infested Marine  
  68  15:07  Infested Marine x12  
  68  15:08  Infested Marine x20  
  101  15:18  Infested Marine x4  
  101  15:19  Infested Marine x13  
  118  15:23  Stukov Infantry Armor Level 2  
  118  15:55  Infested Marine  
  118  15:56  Infested Marine x20  
  118  15:57  Infested Marine x3  
  142  16:21  Overlord  
  142  16:22  Overlord x5  
  109  16:51  Infested SCV  
  109  16:57  Infested SCV x4  
  109  16:58  Infested SCV x2  
  99  17:20  Infested Marine  
  99  17:21  Infested Marine x13  
  89  18:23  Infested SCV  
  89  18:24  Infested SCV x4  
  80  19:00  Infested SCV  
  80  19:01  Infested SCV  
  82  19:27  Infested Marine x5  
  82  19:28  Infested Marine x15  
  102  19:54  Infested Marine  
  102  19:55  Infested Marine x11  
  102  19:56  Infested Marine x12  
  126  20:03  Stukov Infantry Weapons Level 3  
  126  20:06  Infestation Level 3  
  126  20:26  Infested Marine  
  126  20:27  Infested Marine x17  
  126  20:28  Infested Marine x21  
  165  20:39  Infested Marine  
  166  20:40  Infested Marine x9  
  175  20:51  Infested SCV x2  
  175  20:52  Infested SCV x3  
  175  20:58  Overlord  
  175  20:59  Overlord x3  
  125  21:26  Infested Bunker  
  122  21:33  Infested Bunker  
  99  21:42  Infested Missile Turret  
  99  21:46  Infested Missile Turret  
  95  22:03  Infested Marine  
  95  22:04  Infested Marine x13  
  95  22:05  Infested Marine x18  
  127  22:25  Infested Marine  
  127  22:26  Infested Marine x10  
  127  22:27  Infested Marine x18  
  156  22:44  Infested Marine x11  
  156  22:45  Infested Marine x9  
  176  22:52  Aggressive Incubation  
  163  23:43  Stukov Infantry Armor Level 3  
  142  23:57  Infested Marine  
  142  23:58  Infested Marine x14  
  127  24:14  Infested Marine  
  127  24:15  Infested Marine x8  
  119  24:32  Infested Marine  
  119  24:33  Infested Marine x12  
  119  24:34  Infested Marine x9  
  141  25:17  Infested SCV  
  141  25:18  Infested SCV x2  
  144  25:22  Infested Refinery  
  144  25:25  Infested Refinery  
  97  26:53  Infested Marine x4  
  97  26:54  Infested Marine x25  
  97  26:55  Infested Marine x24  
  97  26:56  Infested Marine x10  
  94  28:43  Stukov Vehicle and Ship Weapons Level 1  
  94  28:52  Infested Starport  
  94  29:04  Infested Starport  
  94  29:08  Infested Starport  
  94  29:21  Infested Marine x10  
  94  29:22  Infested Marine x25  
  94  29:23  Infested Marine x12  
  91  31:22  Stukov Vehicle and Ship Armor Level 1  
  91  31:36  Infested Starport Tech Lab  
  91  31:37  Infested Starport Tech Lab  
  91  31:41  Infested Starport Tech Lab  
  91  32:07  Infested Marine  
  91  32:08  Infested Marine x18  
  91  32:09  Infested Marine x19  
  125  32:45  Infested Marine  
  125  32:46  Infested Marine x23  
  125  32:47  Infested Marine x23  
  125  32:48  Infested Marine x2  
  85  34:43  Infested Marine  
  85  34:44  Infested Marine x17  
  85  34:45  Infested Marine x23  
  85  34:46  Infested Marine x15  
  141  35:39  Infested Marine x10  
  151  35:40  Infested Marine x25  
  151  35:41  Infested Marine x22  
  88  36:57  Infested SCV x2  
  88  36:58  Infested SCV x3  
  89  37:12  Viral Contamination  
  89  37:15  Rapid Hibernation  
  89  37:16  Braced Exoskeleton  
  89  37:31  Infested Marine  
  89  37:32  Infested Marine x12  
  89  37:33  Infested Marine x16  
  118  38:12  Cloud Dispersal  
  118  38:54  Infested Marine x6  
  118  38:55  Infested Marine x21  
  118  38:56  Infested Marine x23  
  118  38:57  Infested Marine  
  87  39:40  Infested Marine x7  
  87  39:41  Infested Marine x24  
  87  39:42  Infested Marine x4  
  122  40:43  Infested Marine x4  
  122  40:44  Infested Marine x2  
  93  41:32  Infested SCV  
  93  41:33  Infested SCV  
  95  42:18  Infested Marine  
  95  42:19  Infested Marine x10  
  100  42:20  Infested Marine x19  
  116  43:22  Infested Marine  
  116  43:23  Infested Marine x11  
  116  43:24  Infested Marine x25  
  116  43:25  Infested Marine x22  
  116  43:26  Infested Marine x13  
  116  43:28  Infested Marine  
  189  43:30  Infested Marine  
Show
View Real Time Build Order
Export as new Build Order

Geien Terran 

Build Orders:  

Get SALT Encoding   

  12  0:03  SCV  
  13  0:20  SCV  
  14  0:34  Supply Depot  
  14  0:37  SCV  
  15  1:04  SCV  
  15  1:06  Refinery  
  16  1:21  SCV  
  17  1:38  SCV, Refinery  
  18  1:55  SCV  
  19  2:01  Supply Depot  
  19  2:12  SCV  
  20  2:29  SCV  
  21  2:35  Supply Depot  
  21  2:46  SCV  
  22  3:00  Engineering Bay  
  22  3:02  SCV  
  22  3:09  Supply Depot  
  23  3:19  SCV  
  24  3:36  SCV  
  24  3:39  Barracks  
  25  3:45  Missile Turret  
  25  3:50  Terran Infantry Weapons Level 1  
  25  3:53  SCV  
  25  3:59  Unknown  
  26  4:20  Barracks Tech Lab  
  26  4:24  Barracks  
  26  4:34  Bunker  
  26  4:54  Marine  
  27  5:01  Barracks Tech Lab  
  27  5:06  Marine  
  28  5:18  Supply Depot  
  28  5:19  Marine  
  29  5:28  Stabilizer Medpacks  
  29  5:32  Marauder  
  29  5:33  Marine  
  32  5:45  Marine  
  32  5:48  Concussive Shells  
  32  5:49  Unknown  
  33  5:58  Marauder  
  35  6:05  Factory  
  35  6:07  Marine  
  36  6:13  Marine  
  36  6:19  Marauder  
  37  6:25  Medic  
  41  6:30  Terran Infantry Armor Level 1  
  41  6:48  Medic  
  43  6:54  Marauder  
  45  7:01  Medic  
  45  7:09  Marauder  
  49  7:11  Supply Depot  
  49  7:16  Orbital Command  
  49  7:42  Supply Depot  
  49  9:10  Structure Armor  
  49  9:20  Neosteel Frame  
  49  10:35  Marine  
  50  10:41  Factory Tech Lab  
  50  10:47  Marine  
  51  10:56  Supply Depot  
  51  11:00  Marine  
  52  11:13  Marauder  
  54  11:20  Marine  
  54  11:27  Medic  
  54  11:29  Supply Depot  
  57  11:33  Marine  
  58  11:40  Marauder  
  58  11:43  Starport  
  58  11:46  Marauder  
  62  11:54  Medic  
  64  12:00  Medic  
  64  12:01  Supply Depot  
  66  12:39  Armory  
  66  13:38  Starport Tech Lab  
  66  13:59  Supply Depot  
  66  14:34  Supply Depot  
  66  15:06  Supply Depot, Terran Vehicle and Ship Weapons Level 1  
  66  15:10  Terran Infantry Weapons Level 2  
  66  15:35  Marauder  
  66  15:38  Supply Depot  
  68  15:44  Siege Tank  
  71  15:50  Marauder  
  73  16:02  Fusion Core  
  73  16:04  Marine  
  73  16:07  Siege Tank  
  73  16:09  Supply Depot  
  77  16:17  Marine  
  78  16:29  Marine  
  78  16:39  Supply Depot  
  79  17:46  Terran Vehicle And Ship Armor Level 1  
  78  18:16  Weapon Refit  
  78  18:20  Terran Infantry Armor Level 2  
  78  18:38  Starport  
  78  18:43  Phobos Weapons System  
  78  19:30  Starport  
  78  20:22  Starport  
  78  20:26  Terran Vehicle and Ship Weapons Level 2  
  78  20:32  Starport Tech Lab x2  
  78  20:47  Command Center  
  77  21:30  Starport Tech Lab  
  77  21:35  Battlecruiser  
  77  21:36  Battlecruiser  
  77  21:38  Battlecruiser  
  95  22:33  Bunker  
  95  22:38  SCV  
  96  22:46  Battlecruiser  
  96  22:49  Battlecruiser  
  108  22:50  Battlecruiser  
  108  22:55  SCV  
  108  22:56  Missile Turret  
  115  23:12  SCV  
  116  23:25  Missile Turret  
  116  23:29  SCV  
  117  23:46  SCV  
  111  31:29  Cloaking Field  
  111  31:35  Battlecruiser x2  
  111  31:36  Battlecruiser x2  
  135  31:58  Supply Depot  
  135  32:03  Terran Vehicle And Ship Armor Level 2  
  135  32:08  Terran Infantry Weapons Level 3  
  135  32:16  Replenishable Magazine  
  135  32:31  Supply Depot  
  134  32:56  SCV  
  135  33:13  SCV  
  136  33:30  SCV  
  137  35:13  Terran Vehicle and Ship Weapons Level 3  
  137  35:48  Terran Infantry Armor Level 3  
  136  36:53  SCV  
  136  36:59  Refinery  
  137  37:10  SCV  
  138  37:27  SCV  
  139  41:08  Supply Depot  
Tags
 
Add a new tag
Caveats
  • Supply blocks, unpowered buildings, or Contaminate may cause inaccurate times.
  • Supply counts are checked every 10 seconds.